 Dungeon Crawl Stone Soup version 0.14-a0-1403-g5d3c58f (webtiles) character file.

1057 thowas the Covert (level 7, -4/33 HPs)
             Began as a Spriggan Assassin on Dec 10, 2013.
             Was a Follower of Okawaru.
             Shot with a poisoned arrow by a centaur (16 damage)
             ... on Level 6 of the Dungeon.
             The game lasted 00:12:19 (5539 turns).

thowas the Covert (Spriggan Assassin)               Turns: 5539, Time: 00:12:19

HP  -4/33        AC  3     Str  7      XL: 7   Next: 69%
MP  14/14        EV 17     Int 12      God: Okawaru [*.....]
Gold 208         SH  0     Dex 20      Spells:  0 memorised,  6 levels left

rFire  . . .     SeeInvis +     b - +0 blowgun
rCold  . . .     Clarity  .     c - +0 robe
rNeg   . . .     Conserve .     (shield restricted)
rPois  .         rCorr    .     (helmet restricted)
rElec  .         rRot     .     J - +0 cloak
SustAb + .       Spirit   .     (gloves unavailable)
rMut   .         Warding  .     (boots unavailable)
Saprov . . .     Stasis   .     z - amulet of faith
                                (no ring)
                                d - ring of sustain abilities

@: mildly poisoned, very quick, somewhat resistant to hostile enchantments,
extraordinarily stealthy
A: unfitting armour, see invisible, herbivore 3, speed 3, slow metabolism 2
a: Heroism, Renounce Religion


You were on level 6 of the Dungeon.
You worshipped Okawaru.
Okawaru was aware of your devotion.
You were hungry.

You visited 1 branch of the dungeon, and saw 8 of its levels.

You collected 208 gold pieces.

Inventory:

Hand weapons
 a - a +2,+2 dagger
 b - a +0 blowgun (weapon)
 j - a +0,+4 dagger
 y - a +1,+2 dagger of venom
Missiles
 e - 54 poisoned needles (quivered)
 f - 2 curare-tipped needles
Armour
 c - a +0 robe (worn)
 J - a +0 cloak (worn)
Magical devices
 C - a wand of polymorph (6)
Comestibles
 i - 3 bread rations
 n - 3 pears
 K - a rambutan
 L - an apple
Scrolls
 h - a scroll of fog
 k - 8 scrolls of identify
 l - 2 scrolls of curse weapon {unknown}
 o - 4 scrolls of amnesia {unknown}
 p - 3 scrolls of remove curse {unknown}
 q - a scroll of recharging {unknown}
 t - a scroll of curse jewellery {unknown}
 w - 2 scrolls of enchant armour {unknown}
 x - 2 scrolls of enchant weapon I {unknown}
 A - a scroll of noise {unknown}
 B - 3 scrolls of blinking {unknown}
 D - a scroll of immolation {unknown}
 E - 2 scrolls of random uselessness {unknown}
 F - a scroll of teleportation {unknown}
 G - a scroll of curse armour {unknown}
 H - a scroll of enchant weapon II {unknown}
Jewellery
 d - a ring of sustain abilities (left hand)
 z - an amulet of faith (around neck)
Potions
 g - a potion of porridge
 m - 2 potions of invisibility {unknown}
 r - a potion of restore abilities {unknown}
 s - 2 potions of speed {unknown}
 u - 3 potions of heal wounds {unknown}
 v - 5 potions of curing
 I - 3 potions of magic {unknown}
 N - a potion of cure mutation {unknown}
 O - a potion of lignification {unknown}
Books
 M - a Grand Grimoire {highlevel}

   This book is beyond your current level of understanding.

   Spells                             Type                      Level
   Demonic Horde                      Summoning                    6
   Mass Abjuration                    Summoning                    6
   Haunt                              Necromancy/Summoning         7
   Summon Greater Demon               Summoning                    7
   Malign Gateway                     Summoning/Translocation      7
   Summon Horrible Things             Summoning                    8


   Skills:
 - Level 1.5 Fighting
 - Level 2.1 Short Blades
 - Level 2.1 Throwing
 - Level 1.5 Dodging
 * Level 14.0 Stealth


You had 6 spell levels left.
You didn't know any spells.

Dungeon Overview and Level Annotations

Branches:
Dungeon (8/16)
 Temple: D:4-7         Lair: D:8-11

Altars:
Elyvilon
Kikubaaqudgha
Okawaru
the Shining One

Shops:
D:6 }


Innate Abilities, Weirdness & Mutations

You are tiny and cannot use many weapons and most armour.
You have supernaturally acute eyesight.
You are a herbivore.
You cover ground extremely quickly.
You need consume almost no food.


Message History

A centaur comes into view.
A centaur is nearby!
You start resting.
A centaur is nearby!
A centaur is nearby!
Firing (i - inventory. (,) - cycle):
e - 56 poisoned needles (quivered)
Press: ? - help, Shift-Dir - straight line, f - centaur
Aim: a centaur (hasn't noticed you)
You shoot a poisoned needle. The poisoned needle hits the centaur.
The centaur is poisoned.
The centaur wields a bow.
The centaur shoots a poisoned arrow.
The poisoned arrow misses you.
You see here a meat ration.
An orc comes into view. It is wielding an orcish club.
Firing (i - inventory. (,) - cycle):
e - 55 poisoned needles (quivered)
Press: ? - help, Shift-Dir - straight line, f/p - centaur
Aim: a centaur, wielding a bow (lightly wounded)
You shoot a poisoned needle. The poisoned needle misses the centaur.
The centaur shoots a poisoned arrow.
The poisoned arrow hits you!
You are poisoned.
You die...

#.#
#.......#.##.#..##.###
#.#
#............#..#.....
#.#
#.........#.......<...
#.#
#.....#o###..###......
#.#
##.....#..l..........##
#.#
#.......####.###.....##
#.#####.#####.# #<#
#.._....
#....##.#####.####.#
#.....##
####.......%@......#
#.....##
####c#####.######
#######§ #.#####(#
..#§§ #.....c.# #.#§§
#(####### ####.#.§ #(#
#......# #.# # #.##.#.#
#(# #.##.##.#<# #.#
#.......##.


You could see a centaur and an orc.

Vanquished Creatures
  An ogre (D:7)
  Duvessa (D:7)
  2 giant frogs
  A water moccasin (D:7)
  Dowan (D:7)
  A centaur zombie (D:6)
  An iguana (D:6)
  Crazy Yiuf (D:4)
  A giant frog skeleton (D:6)
  2 hounds
  An orc wizard (D:7)
  3 adders
  A giant mite (D:7)
  A worm (D:4)
  2 giant eyeballs
  3 giant geckos
  8 orcs
  2 ball pythons
  A bat zombie (D:6)
  5 goblins
  5 hobgoblins
  3 jackals (D:3)
  6 bats
  7 giant cockroaches
  A giant gecko skeleton (D:4)
  2 giant newts
  A giant spore (D:6)
  A jackal skeleton (D:4)
  7 kobolds
  12 rats
  A ballistomycete (D:6)
85 creatures vanquished.

Notes
Turn   | Place    | Note
--------------------------------------------------------------
     0 | D:1      | thowas, the Spriggan Assassin, began the quest for the Orb.
     0 | D:1      | Reached XP level 1. HP: 10/10 MP: 2/2
   130 | D:1      | Reached skill level 6 in Stealth
   324 | D:1      | Reached XP level 2. HP: 12/14 MP: 4/4
   917 | D:2      | Reached skill level 7 in Stealth
  1600 | D:3      | Reached XP level 3. HP: 16/18 MP: 6/6
  1962 | D:3      | Reached skill level 8 in Stealth
  2316 | D:4      | Noticed Crazy Yiuf
  2324 | D:4      | Killed Crazy Yiuf
  2324 | D:4      | Reached XP level 4. HP: 22/22 MP: 8/8
  2474 | D:5      | Entered Level 5 of the Dungeon
  2474 | D:5      | Noticed a centaur
  3047 | D:6      | Found an iron altar of Okawaru.
  3065 | D:6      | Noticed a giant frog
  3069 | D:6      | Reached skill level 9 in Stealth
  3078 | D:6      | Killed a giant frog
  3078 | D:6      | Reached skill level 10 in Stealth
  3078 | D:6      | Reached XP level 5. HP: 23/25 MP: 10/10
  3109 | D:6      | Became a worshipper of Warmaster Okawaru
  3246 | D:7      | Paralysed by a giant eyeball for 4 turns
  3258 | D:7      | Reached skill level 11 in Stealth
  3258 | D:7      | Reached XP level 6. HP: 30/30 MP: 12/12
  3302 | D:7      | Noticed Dowan
  3304 | D:7      | Noticed Duvessa
  3308 | D:7      | Killed Dowan
  3378 | D:7      | Killed Duvessa
  3505 | D:7      | Noticed an ogre
  3584 | D:7      | Killed an ogre
  3584 | D:7      | Reached skill level 12 in Stealth
  3665 | D:7      | Found a white marble altar of Elyvilon.
  4063 | D:7      | Reached XP level 7. HP: 27/33 MP: 14/14
  4309 | D:7      | Found an ancient bone altar of Kikubaaqudgha.
  4311 | D:7      | Found a glowing golden altar of the Shining One.
  4546 | D:7      | Acquired Okawaru's first power
  4653 | D:6      | Found Kliets' Gadget Boutique.
  4666 | D:6      | Reached skill level 13 in Stealth
  4682 | D:6      | Noticed an orc warrior
  5293 | D:6      | Reached skill level 14 in Stealth
  5433 | D:6      | HP: 1/33 [poisoned by an adder]
  5539 | D:6      | Shot with a poisoned arrow by a centaur

Action                   |  1- 3 |  4- 6 |  7- 9 || total
-------------------------+-------+-------+-------++-------
Melee: Dagger            |    97 |    61 |    86 ||   244
 Fire: Blowgun           |       |    41 |    11 ||    52
  Use: Scroll            |       |       |     4 ||     4
 Stab: Sleeping          |    11 |     7 |    15 ||    33
